 Dungeon Crawl Stone Soup version 0.30-a0-377-g5cb311bc9f (webtiles) character file.

Game seed: 18442999024243644201

42 Shayle the Conjurer (level 3, -3/28 HPs)
             Began as a Demonspawn Reaver on Nov 28, 2022.
             Frozen to death by an endoplasm (4 damage)
             ... on level 3 of the Dungeon.
             The game lasted 00:03:20 (1202 turns).

Shayle the Conjurer (Demonspawn Reaver)             Turns: 1202, Time: 00:03:20

Health: -3/28      AC:  4    Str: 12    XL:     3   Next: 33%
Magic:  6/6        EV: 12    Int: 16    God:
Gold:   53         SH:  0    Dex: 15    Spells: 5/6 levels left

rFire   + + .      SeeInvis .    a - +0 hand axe
rCold   . . .      Faith    .    (no shield)
rNeg    . . .      Spirit   .    f - +2 robe of Mehuog {rF++ Dex+4}
rPois   .          Reflect  .    (no helmet)
rElec   .          Harm     .    (no cloak)
rCorr   .          Rampage  .    (no gloves)
Will    .....                    (no boots)
Stlth   ++........               (no amulet)
HPRegen 0.24/turn                (no ring)
MPRegen 0.10/turn                (no ring)

@: no status effects
A: ignite blood 1
a: no special abilities


You were on level 3 of the Dungeon.
You visited 1 branch of the dungeon, and saw 3 of its levels.

You collected 53 gold pieces.

Inventory:

Hand Weapons
 a - a +0 hand axe (weapon)
Armour
 b - a +0 leather armour
 f - the +2 robe of Mehuog (worn) {rF++ Dex+4}
   (You found it on level 2 of the Dungeon)

   Dex:       It affects your dexterity (+4).
   rF:        It greatly protects you from fire.
Wands
 g - a wand of mindburst (13)
Scrolls
 c - a scroll of teleportation {unknown}
 d - a scroll of magic mapping {unknown}
 i - a scroll of immolation {unknown}
Potions
 e - a potion of curing {unknown}
 h - a potion of haste {unknown}


   Skills:
 + Level 2.7 Fighting
 - Level 2.6 Axes
 + Level 1.3 Armour
 - Level 1.7 Dodging
 + Level 1.6 Stealth
 - Level 2.0 Spellcasting
 - Level 3.0 Conjurations


You had 5 spell levels left.
You knew the following spells:

 Your Spells              Type           Power      Damage    Failure   Level
a - Kiss of Death         Conj/Necr      24%        2d7       11%         1

Your spell library contained the following spells:

 Spells                   Type           Power      Damage    Failure   Level
 Momentum Strike          Conj/Tloc      12%        3d8       17%         2
 Necrotise                Necr           4%         1d4       21%         1
 Hailstorm                Conj/Ice       6%         3d4       32%         3
 Vampiric Draining        Necr           1%         2d6       52%         3
 Petrify                  Tmut/Erth      1%         N/A       90%         4
 Agony                    Necr           1%         N/A       99%         5
 Metabolic Englaciation   Hex/Ice        0%         N/A       99%         5
 Statue Form              Tmut/Erth      0%         N/A       100%        6


Dungeon Overview and Level Annotations

Branches:
Dungeon (3/15)

Altars:

Shops:
D:1 =


Innate Abilities, Weirdness & Mutations

Your demonic aura sometimes causes spilled blood to erupt in flames.


Message History

There is a stone staircase leading up here.
You climb upwards.
The gnoll closely misses you.
There is a stone staircase leading down here.
The gnoll hits you with a +0 club.
There is a stone staircase leading down here.
The gnoll hits you with a +0 club.
You climb downwards.
Found five items.
Found a stone staircase leading down.
There is a stone staircase leading up here.
The endoplasm quivers.
You hit the gnoll.
The gnoll is moderately wounded.
The endoplasm quivers.
The gnoll hits you with a +0 club. The gnoll misses you.
You hit the gnoll but do no damage.
The gnoll is moderately wounded.
The gnoll hits you with a +0 club.
You barely miss the gnoll.
The gnoll is moderately wounded.
The gnoll hits you with a +0 club.
You barely miss the gnoll.
The gnoll is moderately wounded.
You hit the endoplasm but do no damage. The endoplasm barely misses you.
The gnoll barely misses you.
You hit the gnoll but do no damage.
The gnoll is moderately wounded.
You hit the endoplasm but do no damage.
The endoplasm hits you but does no damage.
The gnoll hits you with a +0 club.
* * * LOW HITPOINT WARNING * * *
You hit the gnoll.
The gnoll is moderately wounded.
You hit the endoplasm. The endoplasm freezes you.
You are frozen.
* * * LOW HITPOINT WARNING * * *
The gnoll closely misses you. The endoplasm freezes you.
You are frozen.
You die...

######
##.....#.
##........
#.........
######.$.......
#....#.....>...
#....JJ.....)..
#....@g....[[.$
#######<.....?.
##.....#.
###.... ###


You could see a gnoll and 2 endoplasms.

Vanquished Creatures
  An adder (D:2)
  A worm (D:2)
  2 dart slugs
  2 ball pythons
  5 endoplasms (D:1)
  A giant cockroach (D:1)
  2 goblins
  A quokka (D:2)
  2 bats
  3 frilled lizards
  2 kobolds (D:1)
  4 rats
26 creatures vanquished.

Notes
Turn   | Place    | Note
-------+----------+-------------------------------------------
     0 | D:1      | Shayle the Demonspawn Reaver began the quest for the Orb.
     0 | D:1      | Reached XP level 1. HP: 16/16 MP: 3/3
   164 | D:1      | Gained mutation: Your demonic aura sometimes causes spilled
                  | blood to erupt in flames. [demonic ancestry]
   164 | D:1      | Reached XP level 2. HP: 15/22 MP: 5/5
   264 | D:1      | Reached skill level 1 in Stealth
   314 | D:1      | Found Uwovaona's Jewellery Emporium.
   609 | D:2      | Reached skill level 1 in Armour
   795 | D:2      | Reached XP level 3. HP: 19/28 MP: 6/6
   827 | D:2      | Identified the +2 robe of Mehuog {rF++ Dex+4}
  1174 | D:3      | Noticed a necrophage
  1202 | D:3      | HP: 1/28 [frozen (4)]
  1202 | D:3      | Frozen to death by an endoplasm

Illustrated notes

Levels and vault maps discovered:
D:1:      erik_arrival_blinker_ship, layout_basic, serial_shops,
          nicolae_shop_crystal
D:2:      layout_basic, nicolae_kite_square_tiling_tiny
D:3:      layout_rooms, dancing_weapons_uskayaw, zin_academy,
          serial_park_tiny_pond, uniq_jessica

Skill      XL: |  1  2 |
---------------+-------+-----
Stealth        | 1 |  1.6
Armour         | 1 |  1.3
Fighting       | |  2.7
Axes           | |  2.6
Dodging        | |  1.7
Spellcasting   | |  2.0
Conjurations   | |  3.0

Action                   || total
-------------------------++-------
Melee: Hand axe          ||   108
  Use: Potion            ||     3
 Stab: Sleeping          ||     3
       Invisible         ||     1
Armor: Leather armour    ||    18
       Robe              ||     3
Dodge: Dodged            ||    75

Table legend: (Time is in decaauts)
 A = Elapsed time spent in this place.
 B = Non-inter-level travel time spent in this place.
 C = Inter-level travel time spent in this place.
 D = Time resting spent in this place.
 E = Time spent auto-exploring this place.
 F = Levels seen in this place.
 G = Mean time per level.
                   A        B        C        D        E       F      G
               +--------+--------+--------+--------+--------+-----+--------+
         Total |   1220 |   1208 |     12 |    136 |    705 |   3 |  406.7 |
       Dungeon |   1220 |   1208 |     12 |    136 |    705 |   3 |  406.7 |
               +--------+--------+--------+--------+--------+-----+--------+

Top non-repeatable levels by time:
     D:1: 597 daAuts
     D:2: 568 daAuts
     D:3: 53 daAuts
